 Dungeon Crawl Stone Soup version 0.30-a0-613-gdd512c7efb (webtiles) character file.

Game seed: 14145846671395592567

322 wormed the Cudgeller (level 6, -23/33 HPs)
             Began as a Vine Stalker Fighter on Jan 9, 2023.
             Was an Initiate of Elyvilon.
             Annihilated by an ogre
             ... wielding a +0 giant spiked club
              (28 damage)
             ... on level 4 of the Dungeon.
             The game lasted 00:04:08 (1833 turns).

wormed the Cudgeller (Vine Stalker Fighter)         Turns: 1833, Time: 00:04:09

Health: -23/33     AC:  6    Str: 21    XL:     6   Next: 47%
Magic:  0/7        EV:  9    Int:  8    God:    Elyvilon [......]
Gold:   120        SH:  5    Dex: 13    Spells: 5/5 levels left

rFire   . . .      SeeInvis .    e - +1 flail (protect)
rCold   + . .      Faith    .    c - +0 buckler
rNeg    . . .      Spirit   +    b - +0 scale mail
rPois   .          Reflect  .    (no helmet)
rElec   .          Harm     .    (no cloak)
rCorr   .          Rampage  .    (no gloves)
Will    .....                    (no boots) Stlth
                                 (no amulet)
HPRegen 1.05/turn                j - ring of protection from cold
MPRegen 0.10/turn                (no ring)

@: no status effects
A: fangs 2, regeneration 1, magic shield, antimagic bite, no potion heal 2
a: Renounce Religion


You were on level 4 of the Dungeon.
You worshipped Elyvilon.
Elyvilon was noncommittal.
You visited 2 branches of the dungeon, and saw 5 of its levels.

You collected 120 gold pieces.

Inventory:

Hand Weapons
 e - a +1 flail of protection (weapon)
Armour
 b - a +0 scale mail (worn)
 c - a +0 buckler (worn)
Jewellery
 a - a ring of wizardry
 j - a ring of protection from cold (left hand)
Scrolls
 f - a scroll of acquirement {unknown}
 h - a scroll of enchant weapon
 m - a scroll of magic mapping
 n - a scroll of brand weapon {unknown}
 o - a scroll of teleportation
Potions
 d - a potion of might
 g - a potion of invisibility
 i - 2 potions of mutation
 k - 5 potions of curing
 l - a potion of heal wounds {unknown}
 p - a potion of resistance {unknown}
 q - a potion of ambrosia {unknown}


   Skills:
 + Level 3.7 Fighting
 * Level 4.0 Maces & Flails
 + Level 3.3 Armour
 + Level 3.7 Shields


You had 5 spell levels left.
You didn't know any spells.
Your spell library contained the following spells:

 Spells                   Type           Power      Damage    Failure   Level
 Apportation              Tloc           0%         N/A       83%         1
 Necrotise                Necr           0%         1d4       83%         1
 Sandblast                Erth           0%         2d4       83%         1
 Summon Small Mammal      Summ           0%         N/A       83%         1
 Blink                    Tloc           0%         N/A       93%         2
 Passwall                 Tmut/Erth      0%         N/A       93%         2
 Stone Arrow              Conj/Erth      0%         3d7       99%         3
 Manifold Assault         Tloc           0%         N/A       100%        4
 Conjure Ball Lightning   Conj/Air       0%         3x3d6     100%        6
 Storm Form               Tmut/Air       0%         N/A       100%        7
 Discord                  Hex            0%         N/A       100%        8
 Disjunction              Tloc           0%         N/A       100%        8


Dungeon Overview and Level Annotations

Branches:
Dungeon (4/15)             Temple (1/1) D:4

Altars:
Dithmenos
Elyvilon
Kikubaaqudgha
Qazlal
Ru
Uskayaw
Vehumet
Wu Jian
Xom

Annotations:
D:3 1 runed translucent door, wormed's ghost, weakling OpTm


Innate Abilities, Weirdness & Mutations

You have extremely sharp teeth.
Your natural rate of healing is unusually fast.
When hurt, damage is shared between your health and your magic reserves.
Your bite disrupts and absorbs the magic of your enemies.
Potions cannot restore your health.


Message History

You block the iguana's attack.
You sock the iguana!
You kill the iguana!
Your Maces & Flails skill increases to level 4!
No target in view!
You now have 120 gold pieces (gained 10).
You open the door.
There is an open door here.
You open the door.
There is an open door here.
You open the door.
There is an open door here.
Found a hide-covered altar of Uskayaw.
An ogre comes into view. It is wielding a +0 giant spiked club.
The ogre shouts!
An ogre is nearby!
An ogre is nearby!
An ogre is nearby!
You hit the ogre.
Your weapon exudes an aura of protection.
The ogre is lightly wounded.
The ogre hits you with a +0 giant spiked club!!
You hit the ogre. Your bite misses the ogre.
The ogre is moderately wounded.
The ogre barely misses you.
Okay, then.
You closely miss the ogre.
The ogre is moderately wounded.
The ogre hits you with a +0 giant spiked club!
You hit the ogre but do no damage.
The ogre is moderately wounded.
The ogre barely misses you. The ogre attacks as you move away!
The ogre hits you with a +0 giant spiked club!!
Ouch! That really hurt!
* * * LOW HITPOINT WARNING * * *
The ogre attacks as you move away!
The ogre hits you with a +0 giant spiked club!!
Ouch! That really hurt!
You die...

..########..#...#.#
............#####.#
.##.#######.# #.# .##.#
#.# ###.###### ###..
#.###........# ..
#............#
####.########........#
..............<......#
#.#.....####.@......#
#.###...##.O......# #
###.##........#
#..#........#
##..........#
##############....######
................>.#
######......#####.#
............'...#.#


You could see an ogre.

Vanquished Creatures
  An ogre (D:4)
  A necrophage (D:4)
  An orc priest (D:3)
  2 iguanas
  2 adders
  An ufetubus (D:4)
  A worm (D:3)
  2 dart slugs (D:1)
  2 orcs (D:3)
  3 ball pythons
  6 endoplasms
  3 giant cockroaches
  5 goblins
  7 hobgoblins
  7 jackals (D:1)
  3 kobolds
  3 quokkas
  A bat (D:1)
  3 frilled lizards
  8 rats
62 creatures vanquished.

Notes
Turn   | Place    | Note
-------+----------+-------------------------------------------
     0 | D:1      | wormed the Vine Stalker Fighter began the quest for the
                  | Orb.
     0 | D:1      | Reached XP level 1. HP: 11/11 MP: 2/2
    54 | D:1      | Reached skill level 2 in Maces & Flails
    70 | D:1      | Reached XP level 2. HP: 16/16 MP: 3/3
   149 | D:1      | Reached XP level 3. HP: 11/19 MP: 2/4
   453 | D:1      | Found a faded altar of an unknown god.
   744 | D:2      | Found a radiant altar of Vehumet.
   858 | D:2      | Noticed a black bear
   907 | D:3      | Gained mutation: Your natural rate of healing is unusually
                  | fast. [Vine Stalker growth]
   907 | D:3      | Reached XP level 4. HP: 24/24 MP: 5/5
   921 | D:3      | Found a runed translucent door.
   923 | D:3      | Noticed wormed's ghost (weakling OpTm)
   961 | D:3      | Reached skill level 3 in Maces & Flails
  1037 | D:3      | Reached XP level 5. HP: 28/28 MP: 6/6
  1508 | D:4      | Noticed an ogre
  1517 | D:4      | Killed an ogre
  1518 | D:4      | Reached XP level 6. HP: 32/32 MP: 7/7
  1532 | D:4      | Found a stormy altar of Qazlal.
  1598 | D:4      | Found a staircase to the Ecumenical Temple.
  1635 | Temple   | Entered the Ecumenical Temple
  1659 | Temple   | Became a worshipper of Elyvilon the Healer
  1741 | D:4      | Reached skill level 4 in Maces & Flails
  1801 | D:4      | Found a hide-covered altar of Uskayaw.
  1833 | D:4      | Annihilated by an ogre

Illustrated notes

Levels and vault maps discovered:
D:1:      minmay_arrival_jagged, layout_loops_ring,
          hellmonk_ecumenical_altar_pennies_from_heaven
D:2:      layout_rooms, basic_altar
D:3:      layout_loops_ring, ebering_ghost_sewer_d
D:4:      layout_basic, nicolae_qazlal_general_emergency,
          mainiacjoe_overflow_catwalk_spiral, temple_fountains
Temple:   hellmonk_temple_rainy

Skill      XL: |  1  2  3  4  5  6 |
---------------+-------------------+-----
Maces & Flails | 2 3 4 |  4.0
Fighting       | 3 |  3.7
Shields        | 3 |  3.7
Armour         | 3 |  3.3

Action                   |  1- 3 |  4- 6 || total
-------------------------+-------+-------++-------
Melee: Mace              |    79 |    48 ||   127
       Bite              |    17 |    12 ||    29
       Flail             |       |    12 ||    12
Throw: Throwing net      |       |     1 ||     1
  Use: Scroll            |     6 |     4 ||    10
Armor: Scale mail        |    49 |    12 ||    61
Dodge: Dodged            |    53 |    24 ||    77
Block: Buckler           |    14 |    11 ||    25

Table legend: (Time is in decaauts)
 A = Elapsed time spent in this place.
 B = Non-inter-level travel time spent in this place.
 C = Inter-level travel time spent in this place.
 D = Time resting spent in this place.
 E = Time spent auto-exploring this place.
 F = Levels seen in this place.
 G = Mean time per level.
                   A        B        C        D        E       F      G
               +--------+--------+--------+--------+--------+-----+--------+
         Total |   1873 |   1827 |     46 |      0 |   1329 |   5 |  374.6 |
       Dungeon |   1838 |   1799 |     39 |      0 |   1319 |   4 |  459.5 |
        Temple |     35 |     28 |      7 |      0 |     10 |   1 |   35.0 |
               +--------+--------+--------+--------+--------+-----+--------+

Top non-repeatable levels by time:
     D:1: 686 daAuts
     D:3: 592 daAuts
     D:4: 328 daAuts
     D:2: 231 daAuts
  Temple: 35 daAuts
